| TOP OF THE 1ST |
|
Los Angeles (NYP) Dodgers batting - Pitching for Williamsport Crosscutters : RHP Alard Kraaijeveld
|
|
Pitching: RHP Alard Kraaijeveld
|
|
|
Batting: RHB Mario Mejia
|
0-0: Swinging Strike 0-1: Called Strike 0-2: Strikes out swinging
|
|
Batting: RHB Leo Cuellar
|
0-0: Ball 1-0: Ball 2-0: Ground out 5-3 (Groundball, 56S, EV 73.1 MPH)
|
|
Batting: LHB Kippy McGrath
|
0-0: Ball 1-0: Called Strike 1-1: Hit by Pitch
|
|
Batting: SHB Chris Ackerson
|
0-0: Ball 1-0: Ball 2-0: Swinging Strike 2-1: Foul Ball, location: 2F 2-2: Ground out 2-3 (Groundball, 2R, EV 75.0 MPH)
|
| Top of the 1st over - 0 runs, 0 hits, 0 errors, 1 left on base; Los Angeles (NYP) 0 - Williamsport 0 |
| BOTTOM OF THE 1ST |
|
Williamsport Crosscutters batting - Pitching for Los Angeles (NYP) Dodgers : LHP Justin Pirie
|
|
Pitching: LHP Justin Pirie
|
|
|
Batting: RHB Prabhukumar Santhanakrishnan
|
0-0: Called Strike 0-1: Hit by Pitch
|
|
Batting: RHB Alan Weller
|
0-0: Called Strike Prabhukumar Santhanakrishnan steals 2nd base (no throw) 0-1: Foul Ball, location: 2F 0-2: Foul Ball, location: 2F 0-2: Ball 1-2: SINGLE (Groundball, 4MD, EV 95.0 MPH) Prabhukumar Santhanakrishnan to third
|
|
Batting: RHB Matt McDevitt
|
0-0: Ball 1-0: Ball 2-0: Ball 3-0: Called Strike 3-1: Base on Balls Alan Weller to second
|
|
Batting: RHB Jimmy Misener
|
0-0: Foul Ball, location: 2F 0-1: Called Strike 0-2: Ball 1-2: Ball 2-2: Foul Ball, location: 2F 2-2: Strikes out looking
|
|
Batting: RHB Allen Gravel
|
0-0: Called Strike 0-1: Ball 1-1: SINGLE (Groundball, 56S, EV 70.0 MPH) (infield hit) Prabhukumar Santhanakrishnan scores Alan Weller to third Matt McDevitt to second
|
|
Batting: RHB Ken Gadberry
|
0-0: Called Strike 0-1: Ball 1-1: Swinging Strike 1-2: Fly out, F8 (Flyball, 8LXD, EV 88.8 MPH) Runner from 3rd tags up, SCORES, no throw by CF
|
|
Batting: RHB Cory Bonham
|
0-0: Ball 1-0: Ball 2-0: Called Strike 2-1: Foul Ball, location: 2F 2-2: Foul Ball, location: 2F 2-2: Ball 3-2: Strikes out swinging
|
| Bottom of the 1st over - 2 runs, 2 hits, 0 errors, 2 left on base; Los Angeles (NYP) 0 - Williamsport 2 |
| TOP OF THE 2ND |
|
Los Angeles (NYP) Dodgers batting - Pitching for Williamsport Crosscutters : RHP Alard Kraaijeveld
|
|
Batting: RHB Eddie Perry
|
0-0: Ball 1-0: Called Strike 1-1: Ball 2-1: Ball 3-1: Base on Balls
|
|
Batting: LHB Bobby Gambrell
|
0-0: Called Strike 0-1: Ball 1-1: Foul Ball, location: 2F 1-2: Foul Ball, location: 2F 1-2: Fly out, F9 (Flyball, 9LM, EV 88.1 MPH)
|
|
Batting: LHB Fernando Amaya
|
0-0: Foul Ball, location: 2F 0-1: Swinging Strike 0-2: Ball Passed Ball! Eddie Perry to second 1-2: Ball 2-2: Foul Ball, location: 2F 2-2: Ball 3-2: Fly out, F6 (Popup, 6M, EV 78.1 MPH)
|
|
Batting: RHB Jonathan Quijada
|
0-0: Foul Ball, location: 2F 0-1: Foul Ball, location: 2F 0-2: Foul Ball, location: 2F 0-2: Strikes out swinging
|
| Top of the 2nd over - 0 runs, 0 hits, 0 errors, 1 left on base; Los Angeles (NYP) 0 - Williamsport 2 |
| BOTTOM OF THE 2ND |
|
Williamsport Crosscutters batting - Pitching for Los Angeles (NYP) Dodgers : LHP Justin Pirie
|
|
Batting: LHB Tsuneharu Nishimura
|
0-0: Ball 1-0: Ball 2-0: Ball 3-0: Foul Ball, location: 2F 3-1: SINGLE (Line Drive, 34, EV 106.3 MPH)
|
|
Batting: SHB Jeff Echt
|
0-0: Ball 1-0: Ball 2-0: Ball Wild Pitch! Tsuneharu Nishimura to second 3-0: Base on Balls
|
|
Batting: RHB Prabhukumar Santhanakrishnan
|
0-0: Ball 1-0: Called Strike 1-1: Hit by Pitch Tsuneharu Nishimura to third Jeff Echt to second
|
|
Batting: RHB Alan Weller
|
0-0: Ball 1-0: Swinging Strike 1-1: Called Strike 1-2: Strikes out swinging
|
|
Batting: RHB Matt McDevitt
|
0-0: Swinging Strike 0-1: Ball 1-1: Ball 2-1: Foul Ball, location: 2F 2-2: Reached via error on a dropped throw from 2B, E6 (Groundball, 4, EV 80.0 MPH) Tsuneharu Nishimura scores Jeff Echt to third Prabhukumar Santhanakrishnan to second
|
|
Batting: RHB Jimmy Misener
|
0-0: Called Strike 0-1: Ball 1-1: Foul Ball, location: 2F 1-2: Ball 2-2: Ball 3-2: Base on Balls Jeff Echt scores Prabhukumar Santhanakrishnan to third Matt McDevitt to second
|
|
Batting: RHB Allen Gravel
|
0-0: Called Strike 0-1: Ball 1-1: Swinging Strike 1-2: Ball 2-2: Ball Passed Ball! Prabhukumar Santhanakrishnan scores Matt McDevitt to third Jimmy Misener to second 3-2: Base on Balls
|
|
Batting: RHB Ken Gadberry
|
0-0: Ball 1-0: Fielders Choice at 2nd, 6-4 (Groundball, 6S, EV 86.3 MPH) Matt McDevitt scores Jimmy Misener to third
|
|
Batting: RHB Cory Bonham
|
0-0: Called Strike 0-1: Swinging Strike 0-2: Foul Ball, location: 2F 0-2: Fielders Choice at 2nd, 6-4 (Groundball, 6, EV 106.3 MPH)
|
| Bottom of the 2nd over - 4 runs, 1 hit, 1 error, 2 left on base; Los Angeles (NYP) 0 - Williamsport 6 |
| TOP OF THE 3RD |
|
Los Angeles (NYP) Dodgers batting - Pitching for Williamsport Crosscutters : RHP Alard Kraaijeveld
|
|
Batting: RHB Neal Jukic
|
0-0: Ground out 4-3 (Groundball, 4, EV 100.0 MPH)
|
|
Batting: RHB Mario Mejia
|
0-0: Ball 1-0: Swinging Strike 1-1: Ball 2-1: Ball 3-1: Called Strike 3-2: Foul Ball, location: 2F 3-2: Base on Balls
|
|
Batting: RHB Leo Cuellar
|
0-0: Called Strike Mario Mejia steals 2nd base (no throw) 0-1: Ball Wild Pitch! Mario Mejia to third 1-1: Ball 2-1: Ball 3-1: Fly out, F8 (Line Drive, 8RM, EV 101.3 MPH) Runner from 3rd tags up, SCORES, no throw by CF
|
|
Batting: LHB Kippy McGrath
|
0-0: Swinging Strike 0-1: Ball 1-1: DOUBLE (Groundball, 5L, EV 105.0 MPH)
|
|
Batting: SHB Chris Ackerson
|
0-0: Called Strike 0-1: SINGLE (Line Drive, 7LS, EV 95.6 MPH) Kippy McGrath to third Runner from 3rd tries for Home, throw by LF and OUT! 7-2
|
| Top of the 3rd over - 1 run, 2 hits, 0 errors, 1 left on base; Los Angeles (NYP) 1 - Williamsport 6 |
| BOTTOM OF THE 3RD |
|
Williamsport Crosscutters batting - Pitching for Los Angeles (NYP) Dodgers : LHP Justin Pirie
|
|
Pitching: RHP Willie Alvarado
|
|
|
Batting: LHB Tsuneharu Nishimura
|
0-0: Ball 1-0: Foul Ball, location: 2F 1-1: Ball 2-1: Foul Ball, location: 2F 2-2: Ball 3-2: Ground out 5-3 (Groundball, 6, EV 92.5 MPH)
|
|
Batting: SHB Jeff Echt
|
0-0: Called Strike 0-1: Ball 1-1: Ball 2-1: Ball 3-1: Swinging Strike 3-2: Base on Balls
|
|
Batting: RHB Prabhukumar Santhanakrishnan
|
0-0: Ball 1-0: 2-RUN HOME RUN (Flyball, 7D, EV 97.5 MPH), Distance : 382 ft
|
|
Batting: RHB Alan Weller
|
0-0: DOUBLE (Flyball, 8RD, EV 95.0 MPH)
|
|
Batting: RHB Matt McDevitt
|
0-0: Called Strike 0-1: Ball Passed Ball! Alan Weller to third 1-1: Foul Ball, location: 2F 1-2: Foul Ball, location: 2F 1-2: Ball Passed Ball! Alan Weller scores 2-2: SINGLE (Line Drive, 6MD, EV 95.6 MPH)
|
|
Batting: RHB Jimmy Misener
|
0-0: Ball 1-0: Grounds into double play, 5-4-3 (Groundball, 56, EV 83.1 MPH)
|
| Bottom of the 3rd over - 3 runs, 3 hits, 0 errors, 0 left on base; Los Angeles (NYP) 1 - Williamsport 9 |
| TOP OF THE 4TH |
|
Los Angeles (NYP) Dodgers batting - Pitching for Williamsport Crosscutters : RHP Alard Kraaijeveld
|
|
Batting: RHB Eddie Perry
|
0-0: Called Strike 0-1: Swinging Strike 0-2: Ball 1-2: Strikes out looking
|
|
Batting: LHB Bobby Gambrell
|
0-0: Foul Ball, location: 2F 0-1: Ball 1-1: Ball 2-1: SINGLE (Line Drive, 89M, EV 110.0 MPH)
|
|
Batting: LHB Fernando Amaya
|
0-0: Grounds into double play, 5-4-3 (Groundball, 6, EV 83.1 MPH)
|
| Top of the 4th over - 0 runs, 1 hit, 0 errors, 0 left on base; Los Angeles (NYP) 1 - Williamsport 9 |
| BOTTOM OF THE 4TH |
|
Williamsport Crosscutters batting - Pitching for Los Angeles (NYP) Dodgers : RHP Willie Alvarado
|
|
Batting: RHB Allen Gravel
|
0-0: Called Strike 0-1: Ball 1-1: Ball 2-1: Ball 3-1: Fly out, F9 (Flyball, 9LS, EV 89.4 MPH)
|
|
Batting: RHB Ken Gadberry
|
0-0: Foul Ball, location: 2F 0-1: Ball 1-1: Foul Ball, location: 2F 1-2: Foul Ball, location: 2F 1-2: Foul Ball, location: 2F 1-2: Ground out 6-3 (Groundball, 6S, EV 85.6 MPH)
|
|
Batting: RHB Cory Bonham
|
0-0: Ball 1-0: DOUBLE (Flyball, 8RXD, EV 97.5 MPH)
|
|
Batting: LHB Tsuneharu Nishimura
|
0-0: Swinging Strike 0-1: Foul Ball, location: 2F 0-2: Ball 1-2: Ball 2-2: Ball 3-2: Strikes out swinging
|
| Bottom of the 4th over - 0 runs, 1 hit, 0 errors, 1 left on base; Los Angeles (NYP) 1 - Williamsport 9 |
| TOP OF THE 5TH |
|
Los Angeles (NYP) Dodgers batting - Pitching for Williamsport Crosscutters : RHP Alard Kraaijeveld
|
|
Batting: RHB Jonathan Quijada
|
0-0: SINGLE (Groundball, 6S, EV 73.1 MPH) (infield hit)
|
|
Batting: RHB Neal Jukic
|
0-0: Ball 1-0: Called Strike 1-1: Ball 2-1: Grounds into double play, 5-4-3 (Groundball, 5, EV 82.5 MPH)
|
|
Batting: RHB Mario Mejia
|
0-0: Called Strike 0-1: Foul Ball, location: 2F 0-2: Ground out 4-3 (Groundball, 4S, EV 92.5 MPH)
|
| Top of the 5th over - 0 runs, 1 hit, 0 errors, 0 left on base; Los Angeles (NYP) 1 - Williamsport 9 |
| BOTTOM OF THE 5TH |
|
Williamsport Crosscutters batting - Pitching for Los Angeles (NYP) Dodgers : RHP Willie Alvarado
|
|
Pitching: RHP Cody Bryant
|
|
|
Batting: SHB Jeff Echt
|
0-0: Called Strike 0-1: Ball 1-1: Called Strike 1-2: DOUBLE (Line Drive, 7LS, EV 109.4 MPH)
|
|
Batting: RHB Prabhukumar Santhanakrishnan
|
0-0: Ball 1-0: Called Strike 1-1: Ball 2-1: Fly out, F8 (Flyball, 8RD, EV 86.9 MPH)
|
|
Batting: RHB Alan Weller
|
0-0: DOUBLE (Flyball, 78XD, EV 106.9 MPH) Jeff Echt scores
|
|
Batting: RHB Matt McDevitt
|
0-0: Called Strike 0-1: Foul Ball, location: 2F 0-2: Foul Ball, location: 2F 0-2: Foul Ball, location: 2F 0-2: Ground out 5-3 (Groundball, 56, EV 89.4 MPH)
|
|
Batting: RHB Jimmy Misener
|
0-0: Foul Ball, location: 2F 0-1: Fly out, F9 (Flyball, 9, EV 75.6 MPH)
|
| Bottom of the 5th over - 1 run, 2 hits, 0 errors, 1 left on base; Los Angeles (NYP) 1 - Williamsport 10 |
| TOP OF THE 6TH |
|
Los Angeles (NYP) Dodgers batting - Pitching for Williamsport Crosscutters : RHP Alard Kraaijeveld
|
|
Batting: RHB Leo Cuellar
|
0-0: Ball 1-0: Swinging Strike 1-1: Ball 2-1: Ball 3-1: Base on Balls
|
|
Pitching: RHP Shunichi Ogawa
|
|
|
Batting: LHB Kippy McGrath
|
0-0: Called Strike 0-1: Called Strike 0-2: Ball 1-2: Strikes out swinging
|
|
Batting: SHB Chris Ackerson
|
0-0: Called Strike 0-1: Called Strike 0-2: Foul Ball, location: 2F 0-2: Ball Leo Cuellar steals 2nd base (no throw) 1-2: Ball 2-2: Foul Ball, location: 2F 2-2: Strikes out swinging
|
|
Batting: RHB Eddie Perry
|
0-0: Swinging Strike 0-1: Ball 1-1: Swinging Strike 1-2: Strikes out swinging
|
| Top of the 6th over - 0 runs, 0 hits, 0 errors, 1 left on base; Los Angeles (NYP) 1 - Williamsport 10 |
| BOTTOM OF THE 6TH |
|
Williamsport Crosscutters batting - Pitching for Los Angeles (NYP) Dodgers : RHP Cody Bryant
|
|
Batting: RHB Allen Gravel
|
0-0: Ball 1-0: Foul Ball, location: 2F 1-1: Ball 2-1: Ball 3-1: Swinging Strike 3-2: Base on Balls
|
|
Batting: RHB Ken Gadberry
|
0-0: Ball 1-0: Called Strike 1-1: Ball 2-1: Called Strike 2-2: Foul Ball, location: 2F 2-2: Ball 3-2: Base on Balls Allen Gravel to second
|
|
Batting: RHB Cory Bonham
|
0-0: Called Strike 0-1: Ball 1-1: Called Strike 1-2: Fielders Choice at 2nd, 5-4 (Groundball, 56, EV 100.0 MPH) Allen Gravel to third
|
|
Pitching: RHP Craig Fallon
|
|
|
Batting: LHB Tsuneharu Nishimura
|
0-0: Foul Ball, location: 2F 0-1: Ball 1-1: Fielders Choice at 2nd, 6-4 (Groundball, 6, EV 89.4 MPH) Allen Gravel scores
|
|
Batting: SHB Jeff Echt
|
0-0: Called Strike 0-1: Ball Wild Pitch! Tsuneharu Nishimura to second 1-1: Swinging Strike 1-2: Ball 2-2: Ball 3-2: Foul Ball, location: 2F 3-2: Foul Ball, location: 2F 3-2: Base on Balls
|
|
Batting: RHB Prabhukumar Santhanakrishnan
|
0-0: Foul Ball, location: 2F 0-1: Ball Wild Pitch! Tsuneharu Nishimura to third Jeff Echt to second 1-1: Ball Wild Pitch! Tsuneharu Nishimura scores Jeff Echt to third 2-1: Ball Wild Pitch! Jeff Echt scores 3-1: Base on Balls
|
|
Batting: RHB Alan Weller
|
0-0: Swinging Strike 0-1: Swinging Strike 0-2: Foul Ball, location: 2F 0-2: Foul Ball, location: 2F 0-2: Ball 1-2: Ball Wild Pitch! Prabhukumar Santhanakrishnan to second 2-2: Ball Wild Pitch! Prabhukumar Santhanakrishnan to third 3-2: Ground out U3 (Groundball, 3, EV 98.8 MPH)
|
| Bottom of the 6th over - 3 runs, 0 hits, 0 errors, 1 left on base; Los Angeles (NYP) 1 - Williamsport 13 |
| TOP OF THE 7TH |
|
Los Angeles (NYP) Dodgers batting - Pitching for Williamsport Crosscutters : RHP Shunichi Ogawa
|
|
Batting: LHB Bobby Gambrell
|
0-0: Swinging Strike 0-1: Ball 1-1: Ball 2-1: Swinging Strike 2-2: Strikes out looking
|
|
Batting: LHB Fernando Amaya
|
0-0: Ground out 4-3 (Groundball, 4, EV 83.1 MPH)
|
|
Batting: RHB Jonathan Quijada
|
0-0: Fly out, F8 (Flyball, 8LM, EV 86.9 MPH)
|
| Top of the 7th over - 0 runs, 0 hits, 0 errors, 0 left on base; Los Angeles (NYP) 1 - Williamsport 13 |
| BOTTOM OF THE 7TH |
|
Williamsport Crosscutters batting - Pitching for Los Angeles (NYP) Dodgers : RHP Craig Fallon
|
|
Batting: RHB Matt McDevitt
|
0-0: Fly out, F9 (Flyball, 89XD, EV 88.8 MPH)
|
|
Batting: RHB Jimmy Misener
|
0-0: Ball 1-0: Called Strike 1-1: Called Strike 1-2: Ball 2-2: Strikes out swinging
|
|
Batting: RHB Allen Gravel
|
0-0: SINGLE (Flyball, 8RS, EV 96.9 MPH)
|
|
Batting: RHB Ken Gadberry
|
0-0: Foul Ball, location: 2F 0-1: Ground out 4-3 (Groundball, 4, EV 80.6 MPH)
|
| Bottom of the 7th over - 0 runs, 1 hit, 0 errors, 1 left on base; Los Angeles (NYP) 1 - Williamsport 13 |
| TOP OF THE 8TH |
|
Los Angeles (NYP) Dodgers batting - Pitching for Williamsport Crosscutters : RHP Shunichi Ogawa
|
|
Batting: RHB Neal Jukic
|
0-0: Called Strike 0-1: Ball 1-1: Ground out U3 (Groundball, 34, EV 108.1 MPH)
|
|
Batting: RHB Mario Mejia
|
0-0: Swinging Strike 0-1: Ball 1-1: Ground out 6-3 (Groundball, 6, EV 103.1 MPH)
|
|
Batting: RHB Leo Cuellar
|
0-0: Foul Ball, location: 2F 0-1: Ball 1-1: Ground out 6-3 (Groundball, 6, EV 89.4 MPH)
|
| Top of the 8th over - 0 runs, 0 hits, 0 errors, 0 left on base; Los Angeles (NYP) 1 - Williamsport 13 |
| BOTTOM OF THE 8TH |
|
Williamsport Crosscutters batting - Pitching for Los Angeles (NYP) Dodgers : RHP Craig Fallon
|
|
Pitching: LHP Gavin White
|
|
|
Batting: RHB Cory Bonham
|
0-0: Ball 1-0: Ball 2-0: Ball 3-0: Called Strike 3-1: Foul Ball, location: 2F 3-2: Strikes out swinging
|
|
Batting: LHB Tsuneharu Nishimura
|
0-0: Ball 1-0: Ball 2-0: Foul Ball, location: 2F 2-1: Reached on error, E4 (Groundball, 4, EV 86.9 MPH)
|
|
Batting: SHB Jeff Echt
|
0-0: Ball 1-0: Swinging Strike 1-1: Hit by Pitch Tsuneharu Nishimura to second
|
|
Pinch Hitting: LHB Manoel Camp
|
0-0: Fly out, F7 (Flyball, 78D, EV 90.0 MPH)
|
|
Batting: RHB Alan Weller
|
0-0: Ball 1-0: Ball 2-0: Fly out, F4 (Line Drive, 4, EV 72.5 MPH)
|
| Bottom of the 8th over - 0 runs, 0 hits, 1 error, 2 left on base; Los Angeles (NYP) 1 - Williamsport 13 |
| TOP OF THE 9TH |
|
Los Angeles (NYP) Dodgers batting - Pitching for Williamsport Crosscutters : RHP Shunichi Ogawa
|
|
Now in LF: Manoel Camp
|
|
|
Now in CF: Tsuneharu Nishimura
|
|
|
Batting: LHB Kippy McGrath
|
0-0: Ball 1-0: Called Strike 1-1: Ball 2-1: SOLO HOME RUN (Flyball, 9D, EV 96.3 MPH), Distance : 383 ft
|
|
Batting: SHB Chris Ackerson
|
0-0: Ball 1-0: Ball 2-0: Called Strike 2-1: Ball 3-1: Base on Balls
|
|
Batting: RHB Eddie Perry
|
0-0: Ball 1-0: Foul Ball, location: 2F 1-1: Foul Ball, location: 2F 1-2: Fly out, F7 (Flyball, 7, EV 82.5 MPH)
|
|
Batting: LHB Bobby Gambrell
|
0-0: Ball 1-0: Called Strike 1-1: Swinging Strike 1-2: Ground out 4-3 (Groundball, 4S, EV 73.1 MPH) Chris Ackerson to second
|
|
Batting: LHB Fernando Amaya
|
0-0: Called Strike 0-1: Ball 1-1: Ball 2-1: Ball 3-1: Swinging Strike 3-2: Base on Balls
|
|
Batting: RHB Jonathan Quijada
|
0-0: Ball 1-0: Called Strike 1-1: Fielders Choice at 2nd, 5-4 (Groundball, 56, EV 88.8 MPH)
|
| Top of the 9th over - 1 run, 1 hit, 0 errors, 2 left on base; Los Angeles (NYP) 2 - Williamsport 13 |
|